 Dungeon Crawl Stone Soup version 0.30-a0-738-g116ff8c4af (webtiles) character file.

Game seed: 6134683835334147661

1682 Anamonty the Tainter (level 9, -5/57 HPs)
             Began as an Octopode Venom Mage on Feb 3, 2023.
             Was a Believer of Qazlal.
             Slain by an ice beast (13 damage)
             ... on level 5 of the Dungeon.
             The game lasted 00:11:51 (5573 turns).

Anamonty the Tainter (Octopode Venom Mage)          Turns: 5573, Time: 00:11:51

Health: -5/57      AC:  1    Str: 12    XL:     9   Next: 2%
Magic:  13/16      EV: 14    Int: 17    God:    Qazlal [**....]
Gold:   313        SH:  2    Dex: 12    Spells: 7/17 levels left

rFire   + . .      SeeInvis .    t - +2 sling (elec)
rCold   . . .      Faith    .    (no shield)
rNeg    . . .      Spirit   .    (helmet restricted)
rPois   +          Reflect  .    n - amulet of regeneration
rElec   .          Harm     .    p - ring of poison resistance
rCorr   .          Rampage  .    c - ring of protection from fire
Will    .....                    (no ring)
Stlth   +++                      (no ring)
HPRegen 1.09/turn                (no ring)
MPRegen 0.15/turn                (no ring)
                                 (no ring)
                                 (no ring)

@: about to teleport
A: almost no armour, amphibious, 8 rings, camouflage 1, gelatinous body 1,
(nimble swimmer 1), tentacles
a: Renounce Religion, Upheaval


You were on level 5 of the Dungeon.
You worshipped Qazlal.
Qazlal was pleased with you.
You visited 1 branch of the dungeon, and saw 6 of its levels.
You also visited: Ossuary.

You collected 313 gold pieces.

Inventory:

Hand Weapons
 t - a +2 sling of electrocution (weapon)
Jewellery
 c - a ring of protection from fire (right tentacle)
 n - an amulet of regeneration (around mantle)
 p - a ring of poison resistance (left tentacle)
Wands
 u - a wand of flame (7)
 y - a wand of roots (12)
Scrolls
 b - a scroll of noise
 e - a scroll of fog {unknown}
 f - a scroll of torment {unknown}
 h - a scroll of poison {unknown}
 i - 2 scrolls of enchant armour {unknown}
 q - a scroll of vulnerability {unknown}
 r - a scroll of amnesia {unknown}
 A - a scroll of identify
Potions
 a - 2 potions of magic
 d - 3 potions of haste
 j - 2 potions of curing
 k - a potion of degeneration {unknown}
 l - a potion of ambrosia {unknown}
 m - a potion of heal wounds {unknown}
 o - a potion of attraction {unknown}
 s - 2 potions of resistance {unknown}
 v - 2 potions of lignification
 w - 2 potions of mutation
 x - a potion of cancellation {unknown}
 z - a potion of might {unknown}


   Skills:
 + Level 3.4 Fighting
 + Level 5.1 Dodging
 - Level 2.6 Stealth
 + Level 3.4 Unarmed Combat
 + Level 4.6 Spellcasting
 + Level 3.7 Transmutations
 - Level 8.0 Poison Magic
 + Level 1.1 Invocations


You had 7 spell levels left.
You knew the following spells:

 Your Spells              Type           Power      Damage    Failure   Level
a - Sting                 Tmut/Pois      92%        1d7       1%          1
b - Poisonous Vapours     Pois/Air       34%        N/A       4%          2
c - Olgreb's Toxic Radia  Pois           31%        N/A       5%          4
d - Mephitic Cloud        Conj/Pois/Air  13%        N/A       14%         3

Your spell library contained the following spells:

 Spells                   Type           Power      Damage    Failure   Level
 Dazzling Flash           Conj/Hex       6%         N/A       41%         3
 Iskenderun's Mystic Bla  Conj/Tloc      3%         2d3       82%         4
 Summon Lightning Spire   Summ/Air       3%         N/A       82%         4
 Starburst                Conj/Fire      1%         6d3       100%        6
 Storm Form               Tmut/Air       5%         N/A       100%        7
 Maxwell's Capacitive Co  Air            1%         ∞         100%        8


Dungeon Overview and Level Annotations

Branches:
Dungeon (6/15)             Temple (0/1) D:5         Ossuary (visited)

Altars:
Makhleb
Qazlal
Vehumet

Annotations:
D:4 2 transporters, corax's ghost, amateur MiFi


Innate Abilities, Weirdness & Mutations

You cannot wear most types of armour.
You are amphibious.
You can wear up to eight rings at the same time.
Your skin changes colour to match your surroundings (Stealth+).
Your rubbery body absorbs attacks. (AC +1, EV +1)
((You are camouflaged when in or above water. (Stealth+)))
You have tentacles for arms and can constrict up to eight enemies at once.


Message History

Okay, then.
Aiming: Upheaval
Press: ? - help, Dir - move target, f/p - ice beast
Aim: an ice beast (moderately wounded, poisoned) That beam is likely to hit you.
Continue anyway?
Okay, then.
Unknown command.
The ice beast attacks as you move away! The ice beast barely misses you.
The ice beast looks more healthy.
Aiming: Upheaval
Press: ? - help, Dir - move target, f/p - ice beast
Aim: an ice beast (sparse dust, heavily wounded) That beam is likely to hit you.
Continue anyway?
Okay, then.
Aiming: Upheaval
Press: ? - help, Dir - move target, p - ice beast You fail to use your ability.
The ice beast completely misses you.
Aiming: Upheaval
Press: ? - help, Dir - move target A blizzard blasts the area with ice!
You block the ice beast's attack.
Unknown command.
The ice beast attacks as you move away! The ice beast closely misses you.
You shoot a sling bullet.
The sling bullet closely misses the ice beast.
The ice beast hits you. The ice beast freezes you!
Fire: t) +2 sling (elec)
Press: ? - help, Q - select action, (/) - cycle Shift-Dir - straight line, f/p - ice beast
Aim: an ice beast (sparse dust, heavily wounded, 57% to hit)
You shoot a sling bullet.
The sling bullet hits the ice beast but does no damage.
The ice beast is heavily wounded.
The ice beast hits you. The ice beast freezes you!
* * * LOW HITPOINT WARNING * * *
Unknown command.
As you read the scroll of teleportation, it crumbles to dust.
You feel strangely unstable. The ice beast hits you.
* * * LOW HITPOINT WARNING * * *
The ice beast freezes you!
You die...

#### #........# #....#
...########........######....#
...##.....###................#
......###.....###..##.###....#
...##..#.......#..###..##....#
...#...............#.....#.#.##
........#.....#.........#.....#
..#.....##...##.Y....[..##...####
........#.....#.@.......#.....#.#
.###...........§...#............#
#.###..#.......#..###..#.......##
#.....###.....###.....###.....##.
.......#..###..#.......#..###..##
...........#...............#.....
#.....#.........#.....#.........#
##...##.........##...##.........#
#.....#.........#.....#.........#


You could see an ice beast.

Vanquished Creatures
  Eustachio (D:6)
  2 black bears (D:5)
  An ogre (D:4)
  2 phantoms
  Blork the orc (D:5)
  An elf zombie (Ossuary)
  3 scorpions
  A necrophage (D:5)
  3 wights
  A howler monkey (D:5)
  A crimson imp (D:3)
  A gnoll bouda (D:5)
  3 hounds (D:4)
  A jelly (D:4)
  Crazy Yiuf (D:5)
  Jessica (D:3)
  3 iguanas
  A hound zombie (Ossuary)
  Robin (D:2)
  4 mummies (Ossuary)
  3 gnolls (D:5)
  4 adders
  2 white imps (D:5)
  An ufetubus (D:5)
  An adder zombie (Ossuary)
  3 worms
  2 dart slugs (D:2)
  3 orcs
  8 ball pythons
  12 endoplasms
  3 giant cockroaches
  8 goblins
  9 hobgoblins
  4 jackals
  6 kobolds
  A quokka (D:2)
  5 bats
  2 frilled lizards (D:1)
  A gnoll zombie (Ossuary)
  2 goblin zombies (Ossuary)
  A hobgoblin zombie (Ossuary)
  2 jackal zombies (Ossuary)
  3 kobold zombies (Ossuary)
  3 rats (D:3)
122 creatures vanquished.

Notes
Turn   | Place    | Note
-------+----------+-------------------------------------------
     0 | D:1      | Anamonty the Octopode Venom Mage began the quest for the
                  | Orb.
     0 | D:1      | Reached XP level 1. HP: 11/11 MP: 3/3
   197 | D:1      | Reached XP level 2. HP: 17/17 MP: 3/5
   200 | D:1      | Learned a level 2 spell: Poisonous Vapours
   228 | D:1      | Reached skill level 4 in Poison Magic
   712 | D:1      | Reached XP level 3. HP: 21/21 MP: 6/6
   826 | D:2      | Noticed Robin
  1018 | D:2      | Found a radiant altar of Vehumet.
  1170 | D:2      | Killed Robin
  1545 | D:2      | Reached XP level 4. HP: 27/27 MP: 7/7
  1796 | D:3      | Found a faded altar of an unknown god.
  1832 | D:3      | Noticed a phantom
  1911 | D:3      | Found a burning altar of Makhleb.
  1911 | D:3      | Found a radiant altar of Vehumet.
  1922 | D:3      | Reached skill level 5 in Poison Magic
  1992 | D:3      | Learned a level 4 spell: Olgreb's Toxic Radiance
  2172 | D:3      | Noticed Jessica
  2177 | D:3      | Killed Jessica
  2178 | D:3      | Reached XP level 5. HP: 31/31 MP: 4/9
  2525 | D:3      | Found a stormy altar of Qazlal.
  2643 | D:3      | Became a worshipper of Qazlal Stormbringer
  3054 | D:4      | Reached skill level 6 in Poison Magic
  3194 | D:4      | Reached XP level 6. HP: 37/37 MP: 2/10
  3308 | D:3      | Learned a level 3 spell: Mephitic Cloud
  3402 | D:4      | Reached skill level 1 in Fighting
  3402 | D:4      | Reached skill level 1 in Unarmed Combat
  3402 | D:4      | Reached XP level 7. HP: 43/43 MP: 7/12
  3522 | D:4      | Reached * piety under Qazlal
  3683 | D:4      | Noticed corax's ghost (amateur MiFi)
  3683 | D:4      | Identified the +2 great mace "Ischu Acapt" {speed, rElec
                  | rPois}
  3684 | D:4      | Found a transporter.
  3688 | D:4      | Found a transporter.
  3927 | D:5      | Entered Level 5 of the Dungeon
  3972 | D:5      | Found a sand-covered staircase.
  3977 | Ossuary  | Entered an ossuary
  3980 | Ossuary  | Reached skill level 7 in Poison Magic
  4294 | D:4      | Reached XP level 8. HP: 27/49 MP: 13/13
  4475 | D:5      | Noticed Blork the orc
  4485 | D:5      | Reached ** piety under Qazlal
  4487 | D:5      | Killed Blork the orc
  4488 | D:5      | Reached skill level 8 in Poison Magic
  4849 | D:5      | Found a staircase to the Ecumenical Temple.
  4929 | D:5      | Found a runed translucent door.
  4930 | D:5      | Noticed Crazy Yiuf
  5180 | D:5      | Killed Crazy Yiuf
  5398 | D:6      | Noticed Eustachio
  5406 | D:6      | Noticed a wyvern
  5406 | D:6      | Killed Eustachio
  5407 | D:6      | Reached skill level 5 in Dodging
  5505 | D:5      | Reached skill level 1 in Invocations
  5505 | D:5      | Reached XP level 9. HP: 8/57 MP: 14/16
  5573 | D:5      | Slain by an ice beast

Illustrated notes

Levels and vault maps discovered:
D:1:      lemuel_arrival_room, layout_loops_ring
D:2:      layout_loops_ring, basic_altar, uniq_robin
D:3:      layout_basic, overflow_temple_1_default,
          grunt_temple_overflow_lords_of_destruction,
          hellmonk_ecumenical_altar_heavens_door, hex_tiny, minmay_vboxes,
          uniq_jessica
D:4:      layout_rooms, gammafunk_ghost_smash
D:5:      nicolae_cairo_tiling_large_dashed, layout_rooms, temple_green,
          enter_ossuary_5, uniq_crazy_yiuf_cottage, uniq_blork_the_orc
D:6:      layout_rooms, nicolae_overflow_squiral, serial_undead,
          serial_undead_b, serial_undead_d, serial_undead_d, serial_undead_c,
          serial_undead_e, serial_undead_f, serial_undead_b, serial_undead_d,
          uniq_eustachio, uniq_maggie

Skill      XL: |  1  2  3  4  5  6  7  8 |
---------------+-------------------------+-----
Poison Magic   | 4 5 6 7 8 |  8.0
Dodging        | 3 4 5 |  5.1
Spellcasting   | 3 4 |  4.6
Fighting       | 1 2 3 |  3.4
Unarmed Combat | 1 2 3 |  3.4
Transmutations | 2 3 |  3.7
Invocations    | 1 |  1.1
Stealth        | |  2.6

Action                     |  1- 3 |  4- 6 |  7- 9 || total
---------------------------+-------+-------+-------++-------
  Melee: Unarmed           |    10 |    19 |    17 ||    46
         Constrict         |     3 |     1 |     1 ||     5
         Tentacles         |     1 |     6 |     4 ||    11
         Punch             |       |     1 |       ||     1
   Fire: Sling             |    55 |    73 |   149 ||   277
   Cast: Sting             |    27 |    22 |    26 ||    75
         Poisonous Vapours |     6 |    22 |     9 ||    37
         Olgreb's Toxic Ra |       |     2 |    10 ||    12
         Mephitic Cloud    |       |       |     4 ||     4
 Invoke: Upheaval          |       |       |     1 ||     1
    Use: Scroll            |       |     1 |     8 ||     9
         Potion            |       |       |     1 ||     1
 Armour: Skin              |     4 |     4 |    16 ||    24
  Dodge: Dodged            |    24 |    32 |   125 ||   181
  Block: Other             |       |       |    10 ||    10

Table legend: (Time is in decaauts)
 A = Elapsed time spent in this place.
 B = Non-inter-level travel time spent in this place.
 C = Inter-level travel time spent in this place.
 D = Time resting spent in this place.
 E = Time spent auto-exploring this place.
 F = Levels seen in this place.
 G = Mean time per level.
                   A        B        C        D        E       F      G
               +--------+--------+--------+--------+--------+-----+--------+
         Total |   5668 |   5521 |    147 |      0 |   4036 |   7 |  809.7 |
       Dungeon |   5395 |   5248 |    147 |      0 |   3923 |   6 |  899.2 |
       Ossuary |    273 |    273 |      0 |      0 |    113 |   1 |  273.0 |
               +--------+--------+--------+--------+--------+-----+--------+

Top non-repeatable levels by time:
     D:3: 1341 daAuts
     D:5: 1229 daAuts
     D:4: 960 daAuts
     D:1: 917 daAuts
     D:2: 915 daAuts
 Ossuary: 273 daAuts
     D:6: 30 daAuts
